 Dungeon Crawl Stone Soup version 0.28-a0-1387-g3a22ab9bdc (webtiles) character file.

Game seed: 12469992162573438569

63 enile the Ducker (level 4, 0/31 HPs)
             Began as a Djinni Hedge Wizard on Jan 2, 2022.
             Slain by a gnoll (11 damage)
             ... on level 3 of the Dungeon.
             The game lasted 00:02:28 (2946 turns).

enile the Ducker (Djinni Hedge Wizard)              Turns: 2946, Time: 00:02:29

Health: 0/31       AC:  2    Str:  9    XL:     4   Next: 31%
Gold:   88         EV: 13    Int: 17    God:
                   SH:  0    Dex: 13

rFire   + + .      SeeInvis .   a - +0 dagger
rCold   x . .      Faith    .   (no shield)
rNeg    . . .      Spirit   .   b - +0 robe
rPois   ∞          Reflect  .   c - +0 hat
rElec   .          Harm     .   (no cloak)
rCorr   .          Rampage  .   (no gloves)
Will    .....                   (boots unavailable)
Stlth   ++........              (no amulet)
HPRegen 0.10/turn               (no ring)
MPRegen 0.00/turn               (no ring)

@: flying
A: sickness immunity, fire resistance 2, cold vulnerability 1, float, innate
caster, hp casting, extra vitality 1
a: no special abilities


You were on level 3 of the Dungeon.
You visited 1 branch of the dungeon, and saw 3 of its levels.

You collected 88 gold pieces.

Inventory:

Hand Weapons
 a - a +0 dagger (weapon)
Armour
 b - a +0 robe (worn)
 c - a +0 hat (worn)
Jewellery
 g - a ring of fire
Wands
 j - a wand of mindburst (15)
Scrolls
 d - a scroll of teleportation {unknown}
 e - a scroll of enchant weapon {unknown}
 f - 2 scrolls of brand weapon {unknown}
 h - 2 scrolls of identify {unknown}
 k - a scroll of fear {unknown}
 l - a scroll of amnesia {unknown}
Potions
 i - a potion of magic {unknown}


   Skills:
 + Level 3.2 Dodging
 + Level 2.5 Stealth
 + Level 2.9 Spellcasting


You couldn't memorise any spells.
You knew the following spells:

 Your Spells              Type           Power      Damage    Failure   Level
a - Magic Dart            Conj           48%        1d5       5%          1
b - Blink                 Tloc           24%        N/A       8%          2
c - Call Imp              Summ           12%        N/A       8%          2
d - Slow                  Hex            48%        N/A       5%          1
e - Conjure Flame         Conj/Fire      12%        6-21      16%         3
f - Mephitic Cloud        Conj/Pois/Air  12%        N/A       16%         3
g - Pain                  Necr           48%        1d6       5%          1
Your spell library was empty.

Dungeon Overview and Level Annotations

Branches:
Dungeon (3/15)

Altars:


Innate Abilities, Weirdness & Mutations

You are immune to sickness and miasma.
You are immune to poison.
Your flesh is very heat resistant. (rF++)
You are vulnerable to cold. (rC-)
You float through the air rather than walking.
You learn spells naturally, not from books.
Your magical power is your life essence.
You have superior vitality. (+4 MHP)


Message History

The gnoll hits you from afar with a +0 spear.
Your white imp hits the gnoll.
Your white imp freezes the gnoll.
The gnoll seems less confused.
The gnoll hits your white imp with a +0 spear.
Your white imp hits the gnoll.
Your white imp freezes the gnoll.
Your magical contamination has completely faded away.
The gnoll completely misses your white imp.
Something closely misses the gnoll.
Your white imp gestures at the gnoll.
The puff of frost hits the gnoll!
The gnoll dies!
The gnoll hits your white imp with a +0 halberd!
Your white imp dies!
Your white imp disappears in a puff of smoke!
Casting: Call Imp (safe; 8% risk of failure)
Confirm with . or Enter, or press ? or * to list all spells.
Aiming: Magic Dart (safe; 5% risk of failure)
Press: ? - help, Shift-Dir - straight line, f/p - gnoll
Aim: a gnoll, wielding a +0 halberd (heavily wounded, 100% to hit)
The magic dart hits the gnoll but does no damage.
The gnoll is heavily wounded.
The bat misses you.
Casting: Magic Dart (safe; 5% risk of failure)
Confirm with . or Enter, or press ? or * to list all spells.
A beastly little devil appears in a puff of flame.
The bat hits you. The bat misses you.
The gnoll hits your crimson imp with a +0 halberd!
Your crimson imp dies!
Your crimson imp disappears in a puff of smoke!
The bat barely misses you.
The gnoll hits the gnoll with a +0 halberd!
Casting: Call Imp (safe; 8% risk of failure)
Confirm with . or Enter, or press ? or * to list all spells.
A beastly little devil appears in a puff of frigid air.
The gnoll seems less confused.
The bat hits you.
The bat hits your white imp but does no damage.
The gnoll closely misses you. The bat hits you but does no damage.
The bat barely misses you.
The gnoll hits you from afar with a +0 halberd!
You die...

#.# #.####.##
#.######......## #
..(............. #. #.#
###.#...... #.# #.#
#.##### ... #.########.#
#
..###.###.##.......#####
......b5..........(.....
.###.#@#.##.#..........
#.#+##.#...###....
#gg..#.#...# #.###
....g.)....#.#..)# #.# #
#............#...# # #
............##...#
............##.###
....####....##.# ....
....##.####


You could see 2 gnolls, a bat (ally target) and a friendly white imp (summoned).

Vanquished Creatures
  An adder (D:2)
  A dart slug (D:1)
  2 bats
  An endoplasm (D:2)
  A giant cockroach (D:2)
  4 goblins (D:1)
  6 jackals
  3 kobolds
  2 quokkas
  2 ball pythons
  A frilled lizard (D:1)
  6 rats
30 creatures vanquished.

Vanquished Creatures (collateral kills)
  A gnoll (D:3)
  A worm (D:2)
  An endoplasm (D:2)
  A goblin (D:2)
  2 jackals (D:2)
6 creatures vanquished.

Grand Total: 36 creatures vanquished

Notes
Turn   | Place    | Note
-------+----------+-------------------------------------------
     0 | D:1      | enile the Djinni Hedge Wizard began the quest for the Orb.
     0 | D:1      | Reached XP level 1. HP: 15/15 MP: 0/0
   243 | D:1      | Reached XP level 2. HP: 19/21 MP: 0/0
   919 | D:1      | Reached XP level 3. HP: 7/25 MP: 0/0
   919 | D:1      | Learned a level 1 spell: Pain
  1885 | D:2      | Reached skill level 3 in Dodging
  2137 | D:2      | Reached XP level 4. HP: 28/31 MP: 0/0
  2946 | D:3      | Slain by a gnoll

Illustrated notes

Levels and vault maps discovered:
D:1:      scummos_arrival_simple_crosswalls, layout_loops_ring
D:2:      layout_loops_corners, small_statue_intersection
D:3:      layout_basic, chequers_temple_overflow_minitemple,
          gammafunk_ghost_smash, dreamdust_ecumenical_altar_hidden_monk_grotto

Skill      XL: |  1  2  3 |
---------------+----------+-----
Stealth        | 2 |  2.5
Dodging        | 3 |  3.2
Spellcasting   | |  2.9

Action                   |  1- 3 |  4- 6 || total
-------------------------+-------+-------++-------
Melee: Dagger            |     3 |       ||     3
 Cast: Magic Dart        |    69 |    12 ||    81
       Call Imp          |     2 |     6 ||     8
       Mephitic Cloud    |     1 |     1 ||     2
       Pain              |       |     1 ||     1
Armor: Robe              |     7 |     2 ||     9
Dodge: Dodged            |    20 |     7 ||    27

Table legend: (Time is in decaauts)
 A = Elapsed time spent in this place.
 B = Non-inter-level travel time spent in this place.
 C = Inter-level travel time spent in this place.
 D = Time resting spent in this place.
 E = Time spent auto-exploring this place.
 F = Levels seen in this place.
 G = Mean time per level.
                   A        B        C        D        E       F      G
               +--------+--------+--------+--------+--------+-----+--------+
         Total |   2945 |   2772 |    173 |      0 |   2577 |   3 |  981.7 |
       Dungeon |   2945 |   2772 |    173 |      0 |   2577 |   3 |  981.7 |
               +--------+--------+--------+--------+--------+-----+--------+

Top non-repeatable levels by time:
     D:2: 1518 daAuts
     D:1: 1338 daAuts
     D:3: 88 daAuts
